Unix xNetHack Version 8.0.0 - last build Jun 13 2023 11:06:09 (4b7ecc64c373f7294607d497be3f7ce1783331ac). Game began 2023-06-24 17:39:22, ended 2023-06-24 19:20:57. Moult, neutral male gnomish Healer ----------- ----------- |....|....--- |.........| |...0|000..>| |.........| |......d@.--- |.........| |....|).P.| |....<....| |-.--------- |)........| |....|...~.| |.........| |....|.~...| |[......).| |.....~....| |...).....| |...0|.....----------------|| |....|.......)..............| ----------------------------- Moult the Rhizotomist St:16 Dx:11 Co:16 In:16 Wi:15 Ch:10 Neutral S:706 Dlvl:5 $:789 HP:0(27) Pw:14(14) AC:0 Xp:2/39 T:15447 Latest messages: What do you want to write with? [- aceghlmprtx-zEIJO-SV or ?*] - Do you want to add to the current engraving? n You wipe out the message that was written in the dust here. You write in the dust with your fingertip. The jackal bites! The werejackal changes into a human. The werejackal punches you! The large dog bites the jackal. The jackal is killed! Something is written here in the dust. You read: "E>bereth". You see no objects here. What do you want to write with? [- aceghlmprtx-zEIJO-SV or ?*] - Do you want to add to the current engraving? n You wipe out the message that was written in the dust here. You write in the dust with your fingertip. The werejackal punches you! The large dog bites the werejackal. The werejackal misses the large dog. The werejackal picks up 8 arrows. The werejackal picks up a bow. The werejackal wields a bow! What do you want to write with? [- aceghlmprtx-zEIJO-SV or ?*] - You write in the dust with your fingertip. Something is written here in the dust. You read: "Elbereth". You see no objects here. You hear a jackal howling at the moon. The large dog misses the werejackal. The large dog bites the werejackal. The werejackal misses the large dog. The large dog bites the werejackal. The werejackal changes into a human. What do you want to write with? [- aceghlmprtx-zEIJO-SV or ?*] - You write in the dust with your fingertip. Something is written here in the dust. You read: "Elbereth". You see no objects here. You already found a monster. Use 'm' prefix to force another search. The werejackal punches you! The large dog misses the werejackal. The large dog bites the werejackal. The werejackal punches the large dog. With great effort you move the boulder. It bites the werejackal. The werejackal changes into a jackal. The gray ooze bites! Your mithril elven ring mail is not affected by oxidation. You die... Do you want your possessions identified? q Inventory: Inventory: 776/850 weight (49/52 slots) Coins $ - 789 gold pieces {8} Weapons O - 4 +0 darts {4} E - a +1 dagger {10} I - a +0 dagger {10} x - a +0 dwarvish spear (at the ready) {35} t - a +0 elven dagger {10} z - a +0 mithril elven dagger {5} p - 3 +0 orcish daggers {30} Q - a cursed -1 orcish dagger {10} a - a +0 scalpel (weapon in hand) {5} J - a rusty +0 dwarvish mattock {120} Armor w - an uncursed rusty +0 orcish helm {30} b - an uncursed +1 pair of leather gloves (being worn) {8} L - an uncursed +0 pair of dwarvish boots {50} A - a blessed +0 dwarvish cloak {10} F - an uncursed +0 mithril elven ring mail (being worn) {88} Comestibles i - 3 uncursed apples {6} H - an uncursed cream pie {10} n - 3 uncursed food rations {60} j - an uncursed lembas wafer {5} u - an uncursed tripe ration {10} U - 2 uncursed eggs {2} Scrolls N - an uncursed scroll of create monster {5} X - an uncursed scroll of earth {5} Y - a cursed scroll of earth {5} v - a cursed scroll of genocide {5} d - 2 uncursed scrolls of remove curse {10} G - an uncursed scroll of taming {5} W - an uncursed scroll of teleportation {5} Spellbooks B - an uncursed spellbook of remove curse {45} Potions o - an uncursed potion of hallucination {20} Z - an uncursed potion of paralysis {20} K - a cursed potion of polymorph {20} Rings c - an uncursed ring of cold resistance {3} S - an uncursed ring of free action {3} m - an uncursed ring of stealth {3} Wands P - a wand of fire (0:7) {7} l - a wand of magic missile (0:4) {7} y - a wand of secret door detection (0:12) {7} h - a wand of sleep (0:7) {7} r - a wand of undead turning (0:4) {7} Tools C - an uncursed blindfold {2} D - an uncursed credit card {1} q - an uncursed lantern {30} k - an uncursed skeleton key {3} s - an uncursed stethoscope named 15113 4p {4} Gems/Stones R - an uncursed opal {1} e - an uncursed topaz stone {1} V - an uncursed worthless piece of blue glass {1} g - 9 uncursed flint stones {18} Moult the Healer's attributes: Background: You were a Rhizotomist, a level 2 male gnomish Healer. You were neutral, on a mission for Hermes who was opposed by Athena (lawful) and Poseidon (chaotic). You were heterosexual. You were in Sokoban, on level 5. You entered the dungeon 15447 turns ago. You had 39 experience points, 1 more was needed to attain level 3. Your score was 706 before end-of-game adjustments. Basics: You had 0 out of 27 hit points. You had all 14 energy points (spell power). Your armor class was 0. Your wallet contained 789 zorkmids. Autopickup was on for '_' plus thrown, with exceptions. Final Characteristics: Your strength was 16 (limit:18/50). Your dexterity was 11 (limit:18). Your constitution was 16 (limit:18). Your intelligence was 16 (limit:19). Your wisdom was 15 (peak:16, limit:18). Your charisma was 10 (limit:18). Final Status: You were not hungry. You were unencumbered. You were wielding a knife. You had basic skill with knife. Final Attributes: You were piously aligned. You were poison resistant. You had infravision. You had a small defense bonus (+4). You were guarded. You are dead. Miscellaneous: You never encountered a bones level. Total elapsed playing time was 1 hour, 41 minutes and 35 seconds. Major events: Turn 1: Moult the neutral male gnomish Healer entered the dungeon 644: entered the Gnomish Mines 1167: reached Mine Town 11683: entered Sokoban 12058: completed 1st Sokoban level 12686: completed 2nd Sokoban level 13306: completed 3rd Sokoban level 15447: killed by a gray ooze Vanquished creatures: 22 leprechauns a bugbear an orc shaman a pony a yellow light 3 gnome leaders a gnomish wizard a gray ooze 4 elf zombies 2 ghouls a straw golem 3 giant ants 3 floating eyes 4 dwarves 5 hill orcs 5 rothes a centipede 2 giant bats 6 orc zombies 2 dwarf zombies 2 werejackals 3 iguanas 2 acid blobs a coyote 2 gas spores 10 hobbits 3 large kobolds 10 giant rats 4 yellow molds 3 green molds a red mold 6 gnomes a garter snake 2 gnome zombies 11 geckos 11 jackals 2 foxes 3 kobolds 9 goblins 3 sewer rats 11 grid bugs 16 lichens 2 kobold zombies 18 newts 205 creatures vanquished. No species were genocided or became extinct. Voluntary challenges: You read items or engraved 46 times. You never genocided any monsters. You never polymorphed an object. You never changed form. You never touched an artifact. You used no wishes. You were celibate. You never generated conflict. You did not violate any of the special Sokoban rules. Achievements: You entered a shop. You entered the Gnomish Mines. You entered Minetown. You entered a temple. You entered Sokoban. Dungeon overview: The Dungeons of Doom: levels 1 to 12 Level 1: A fountain. Level 2: A general store, an altar. Level 3: A weapon shop, a fountain. Stairs down to The Gnomish Mines. Level 4: A fountain. Level 5: "vault" Many fountains, a sink. Level 6: Level 7: Stairs up to Sokoban, level 6. Level 8: Level 9: "gold" Level 10: Level 11: A fountain, a tree. Level 12: Summoned by Hippocrates. The Gnomish Mines: levels 4 to 8 Level 4: "chest stash" Level 5: Level 6: Level 7: A delicatessen, a temple, some fountains, some trees. Level 8: Sokoban: levels 6 up to 3 Level 3: Unsolved. Level 4: Solved. Level 5: <- You were here. Solved. Final resting place for you, killed by a gray ooze. Level 6: Solved. Game over: __________ / \ / REST \ / IN \ / PEACE \ / \ | Moult | | 789 Au | | killed by a gray | | ooze | | | | | | 2023 | *| * * * | * _________)/\\_//(\/(/\)/\//\/|_)_______ Goodbye Moult the Healer... You died in Sokoban on dungeon level 5 with 706 points, and 789 pieces of gold, after 15447 moves. You were level 2 with a maximum of 27 hit points when you died.